 Dungeon Crawl Stone Soup version 0.29-a0-384-g6960b1960d (webtiles) character file.

Game seed: 15017073703996897467

37496 yony6502 the Zephyrmancer (level 13, 0/70 HPs)
             Began as a Tengu Air Elementalist on May 7, 2022.
             Was a High Priest of Hepliaklqana.
             Slain by a redback (2 damage)
             ... on level 4 of the Lair of Beasts.
             The game lasted 01:42:27 (25878 turns).

yony6502 the Zephyrmancer (Tengu Air Elementalist) Turns: 25878, Time: 01:42:27

Health: 0/70       AC: 12    Str:  7    XL:     13   Next: 97%
Magic:  22/25      EV: 18    Int: 35    God:    Hepliaklqana [*****.]
Gold:   3115       SH:  7    Dex: 23    Spells: 7/26 levels left

rFire   . . .      SeeInvis +   q - +6 rapier of Hacking and Slashing {freeze, Int+2 Dex+4}
rCold   . . .      Faith    +   z - +0 buckler
rNeg    . . .      Spirit   .   Q - +1 ring mail of the Eleven Beggars {Regen+ Int+4}
rPois   .          Reflect  .   (helmet restricted)
rElec   .          Harm     .   g - +0 cloak
rCorr   .          Rampage  .   u - +2 pair of gloves "Fatur" {SInv}
Will    .....                   (boots unavailable)
Stlth   ++++......              J - amulet of Lomaisi {Faith Str-4 Int+4 Dex+5 Slay+3}
HPRegen 1.01/turn               P - +6 ring of intelligence
MPRegen 0.19/turn               (no ring)

@: lethally poisoned (0 -> -10), wereblooded, flying quickly and evasively,
quick
A: reduced essence, beak, talons 3, nimble flight
a: Renounce Religion, Recall Ancestor, Ancestor Identity, Transference, Idealise


You were on level 4 of the Lair of Beasts.
You worshipped Hepliaklqana.
Hepliaklqana was extremely pleased with you.
You visited 4 branches of the dungeon, and saw 17 of its levels.
You also visited: Bailey.

You collected 3187 gold pieces.
You spent 72 gold pieces at shops.

Inventory:

Hand Weapons
 f - a +4 quarterstaff of chaos
 q - the +6 rapier of Hacking and Slashing (weapon) {freeze, Int+2 Dex+4}
   (You acquired it on level 3 of the Dungeon)

   It freezes those it strikes, dealing additional cold damage.
   It can also slow down cold-blooded creatures.
   Int:       It affects your intelligence (+2).
   Dex:       It affects your dexterity (+4).
 F - a +5 morningstar
 M - the +9 broad axe "Loavioqorr" {antimagic, Str+4}
   (You found it on level 8 of the Dungeon)

   It reduces the magical energy of the wielder, and disrupts the spells and
   magical abilities of those it strikes.
   Natural abilities and divine invocations are not affected.
   Str:       It affects your strength (+4).
Missiles
 m - 2 throwing nets
 S - 2 atropa-tipped darts
 T - 4 datura-tipped darts
Armour
 g - a +0 cloak (worn)
 u - the +2 pair of gloves "Fatur" (worn) {SInv}
   (You acquired it on level 3 of the Dungeon)

   SInv:      It lets you see invisible.
 z - a +0 buckler (worn)
 G - a +2 leather armour of willpower
 Q - the +1 ring mail of the Eleven Beggars (worn) {Regen+ Int+4}
   (You found it on level 9 of the Dungeon)

   Int:       It affects your intelligence (+4).
   Regen:     It increases your rate of health regeneration.
Jewellery
 h - an amulet of reflection
 y - a ring of flight
 A - an amulet of faith
 E - a ring of poison resistance
 J - the amulet of Lomaisi (around neck) {Faith Str-4 Int+4 Dex+5 Slay+3}
   (You found it on level 9 of the Dungeon)

   [amulet of faith]

   It allows you to gain divine favour quickly.
   Str:       It affects your strength (-4).
   Int:       It affects your intelligence (+4).
   Dex:       It affects your dexterity (+5).
   Slay:      It affects your accuracy & damage with ranged weapons and melee
   (+3).
 P - a +6 ring of intelligence (left hand)
 V - an amulet of guardian spirit
Wands
 B - a wand of digging (9)
 C - a wand of flame (17)
 K - a wand of polymorph (8)
 N - a wand of paralysis (3)
Scrolls
 a - 2 scrolls of immolation
 c - 2 scrolls of fear
 d - 2 scrolls of magic mapping
 e - 2 scrolls of blinking
 i - 3 scrolls of vulnerability
 k - 4 scrolls of teleportation
 l - 5 scrolls of fog
 o - 2 scrolls of amnesia
 p - a scroll of enchant armour {unknown}
 r - 2 scrolls of brand weapon
 v - 2 scrolls of noise
 x - a scroll of poison
 O - a scroll of torment {unknown}
 R - a scroll of enchant weapon {unknown}
Potions
 b - 5 potions of magic
 j - 2 potions of lignification
 n - 3 potions of brilliance
 s - 2 potions of degeneration
 t - 2 potions of ambrosia
 w - 3 potions of might
 D - 2 potions of attraction
 H - 6 potions of flight
 I - a potion of berserk rage {unknown}
 L - a potion of mutation {unknown}
 U - a potion of cancellation {unknown}
 X - a potion of curing
Miscellaneous
 W - a lightning rod (4/4)


   Skills:
 + Level 7.6 Fighting
 + Level 8.6 Short Blades
 + Level 8.4 Armour
 + Level 8.9 Dodging
 + Level 7.7 Stealth
 + Level 7.4 Shields
 + Level 7.3 Spellcasting
 + Level 10.4 Conjurations
 + Level 11.1 Air Magic
 + Level 6.7 Evocations


You had 7 spell levels left.
You knew the following spells:

 Your Spells              Type           Power      Damage    Failure   Level
a - Shock                 Conj/Air       100%       1d9       1%          1
b - Static Discharge      Conj/Air       73%        N/A       1%          2
c - Searing Ray           Conj           100%       2d8       1%          2
d - Magic Dart            Conj           100%       1d8       1%          1
e - Swiftness             Air            74%        N/A       1%          3
f - Airstrike             Air            37%        N/A       1%          4
g - Animate Skeleton      Necr           24%        N/A       12%         1
h - Stone Arrow           Conj/Erth      98%        3d13      4%          3
i - Wereblood             Tmut           12%        N/A       17%         2

Your spell library contained the following spells:

 Spells                   Type           Power      Damage    Failure   Level
 Foxfire                  Conj/Fire      100%       2x1d9     1%          1
 Conjure Flame            Conj/Fire      49%        6-21      4%          3
 Beastly Appendage        Tmut           24%        N/A       12%         1
 Pain                     Necr           48%        1d6       12%         1
 Flame Wave               Conj/Fire      49%        2d10      14%         4
 Fulminant Prism          Conj/Hex       24%        3d13      14%         4
 Blink                    Tloc           24%        N/A       17%         2
 Ensorcelled Hibernation  Hex/Ice        24%        N/A       17%         2
 Passwall                 Tmut/Erth      10%        N/A       17%         2
 Inner Flame              Hex/Fire       12%        N/A       34%         3
 Lesser Beckoning         Tloc           12%        N/A       34%         3
 Spider Form              Tmut/Pois      12%        N/A       34%         3
 Vampiric Draining        Necr           12%        2d6       34%         3
 Animate Armour           Summ/Erth      24%        N/A       75%         4
 Agony                    Necr           12%        N/A       97%         5
 Excruciating Wounds      Necr           6%         N/A       97%         5
 Manifold Assault         Tloc           12%        N/A       97%         5
 Lehudib's Crystal Spear  Conj/Erth      24%        10d7      100%        8


Dungeon Overview and Level Annotations

Branches:
Dungeon (11/15)            Temple (1/1) D:7            Lair (4/6) D:11
  Swamp (0/4) Lair:2       Spider (1/4) Lair:4       Bailey (visited)
    Orc: D:9-12

Altars:
Cheibriados
Dithmenos
Elyvilon
Gozag
Hepliaklqana
Okawaru
Sif Muna
Uskayaw
Wu Jian

Shops:
D:3 ?   D:4 [

Annotations:
Lair:4 exclusion: oklob plant


Innate Abilities, Weirdness & Mutations

Your life essence is reduced to manifest your ancestor. (-10% HP)
You have a beak for a mouth.
You have claws for feet.
Your magical nature lets you fly swiftly and evasively.


Message History

Your blood is infused with primal strength.
Kaya is recalled.
You fly downwards.
Welcome back to the Spider Nest!
This branch contains the gossamer rune of Zot.
The jumping spider pounces on you.
The jumping spider bites you but does no damage.
The jumping spider pounces on you but does no damage.
The jumping spider bites you but does no damage.
The jumping spider leaps!
You block the emperor scorpion's attack. x2
The emperor scorpion misses you. The redback bites you.
You are poisoned.
The redback poisons you!
The jumping spider leaps! x2
The emperor scorpion misses you.
You block the emperor scorpion's attack.
The emperor scorpion claws you but does no damage.
The redback bites you!
There is a crawl-hole back to the Lair, spattered with blood here.
You feel extremely sick.
The jumping spider leaps! x3; The redback misses you.
The emperor scorpion stings you! The emperor scorpion claws you.
The emperor scorpion claws you but does no damage.
The redback barely misses you.
The jumping spider leaps!
Kaya hits the redback with a +0 dagger of draining.
The jumping spider leaps!
You fly upwards.
Welcome back to the Lair of Beasts!
Level annotation: exclusion: oklob plant
* * * LOW HITPOINT WARNING * * *
You feel extremely sick.
There is a hole to the Spider Nest here.
* * * LOW HITPOINT WARNING * * *
You feel very sick.
The redback bites you but does no damage.
You block the redback's attack. The redback bites you.
* * * LOW HITPOINT WARNING * * *
You reach down and open the door.
* * * LOW HITPOINT WARNING * * *
You feel very sick. The redback bites you.
You die...

#...####.^#.^.#..##
###..##.^....#.....#
#####.#..#...#.#..#..#
.............#..#..#.#
.........#####...#...#
.##.P.#...###..#^≈^≈.#
#..........##..≈≈≈≈≈.##
#........#.###.≈s..≈.^#
............#.^'@s.+^##
...........###.#s#.#.#
#.....#..P## ####### #
....###..## ##..#
....P##...###...##
.................#
.................#
.......#..#.##..##
....P......###P.P#


You could see an emperor scorpion and 2 redbacks.

Vanquished Creatures
  3 hydras
  3 two-headed ogres
  An orb spider (Lair:4)
  A deep elf pyromancer (D:11)
  An oklob plant (Lair:1)
  A wolf spider (Spider:1)
  7 elephants
  2 cyclopes
  A guardian serpent (shapeshifter) (D:9)
  Joseph (D:9)
  3 black mambas (Lair:1)
  6 cane toads
  4 rime drakes
  2 kobold demonologists (D:11)
  6 komodo dragons
  6 trolls
  2 polar bears
  A hornet (D:7)
  3 dream sheep (Lair:1)
  A wraith (D:9)
  A shadow (D:10)
  5 wyverns
  Eustachio (D:6)
  37 yaks
  4 redbacks (Spider:1)
  An acid dragon (D:11)
  8 water moccasins
  A sky beast (D:7)
  A hornet zombie (D:6)
  8 orc warriors
  2 ice beasts
  5 black bears
  3 ogres
  A centaur (D:10)
  8 wolves
  2 phantoms
  3 kobold brigands (D:11)
  13 bullfrogs
  A gnoll sergeant (D:5)
  2 scorpions
  7 wights
  2 wyvern skeletons (D:6)
  A water moccasin zombie (D:6)
  20 killer bees
  A howler monkey (D:9)
  4 bullfrog zombies (D:6)
  A centaur zombie (D:6)
  4 jellies
  A bullfrog skeleton (D:6)
  6 hounds
  7 orc priests
  Crazy Yiuf (D:6)
  A centaur skeleton (D:6)
  5 iguanas
  Natasha (thrice) (D:2)
  11 orc wizards
  2 howler monkey zombies (D:6)
  4 gnolls
  4 adders
  A shadow imp (D:6)
  2 white imps (D:6)
  3 worms
  A dart slug (D:2)
  36 orcs
  10 ball pythons
  11 endoplasms
  4 giant cockroaches
  18 goblins
  10 hobgoblins
  4 quokkas
  6 bats
  3 frilled lizards
  12 kobolds
  2 quokka zombies (D:5)
  4 rats
  A bush (D:6)
375 creatures vanquished.

Vanquished Creatures (collateral kills)
  A hydra (D:11)
  3 two-headed ogres
  2 gargoyles (D:11)
  3 cane toads
  A komodo dragon (Lair:1)
  A vampire (D:11)
  4 yaks
  A steam dragon (D:8)
  A water moccasin (D:11)
  A sky beast (D:10)
  3 wolves (Lair:2)
  A wight (D:9)
  A ballistomycete (Lair:3)
  A killer bee (D:9)
  5 jellies (Lair:1)
  An orc priest (D:9)
  An orc wizard (D:9)
  3 orcs (D:9)
  5 endoplasms (Lair:1)
  A bush (D:10)
40 creatures vanquished.

Vanquished Creatures (others)
  An electric eel (Lair:3)
  6 hexers
  3 ballistomycete spores (Lair:3)
  84 fungi
  74 plants
  5 withered plants (D:6)
173 creatures vanquished.

Grand Total: 588 creatures vanquished

Notes
Turn   | Place    | Note
-------+----------+-------------------------------------------
     0 | D:1      | yony6502 the Tengu Air Elementalist began the quest for the
                  | Orb.
     0 | D:1      | Reached XP level 1. HP: 10/10 MP: 4/4
   799 | D:1      | Reached XP level 2. HP: 8/15 MP: 6/6
  1074 | D:1      | Found a faded altar of an unknown god.
  1703 | D:2      | Reached XP level 3. HP: 17/20 MP: 7/7
  1740 | D:2      | You fall into a shaft and drop 1 floor!
  2221 | D:2      | Reached skill level 1 in Short Blades
  2641 | D:2      | Noticed Natasha
  2649 | D:2      | Killed Natasha
  2650 | D:2      | Reached skill level 1 in Armour
  2650 | D:2      | Reached XP level 4. HP: 10/24 MP: 5/8
  2951 | D:2      | Noticed Natasha
  2962 | D:2      | Killed Natasha
  2963 | D:2      | Reached skill level 1 in Fighting
  3096 | D:2      | Noticed Natasha
  3102 | D:2      | Killed Natasha
  3441 | D:3      | Gained mutation: Your magical nature lets you fly swiftly
                  | and evasively. [Tengu growth]
  3441 | D:3      | Reached XP level 5. HP: 28/29 MP: 9/9
  3444 | D:3      | Learned a level 2 spell: Static Discharge
  3480 | D:3      | Found Siucsiom's Magic Scroll Emporium.
  3537 | D:3      | Bought a scroll of identify for 24 gold pieces
  3537 | D:3      | Bought a scroll of identify for 24 gold pieces
  3537 | D:3      | Identified 3 scrolls of acquirement
  3540 | D:3      | Acquired the +6 rapier of Hacking and Slashing {freeze,
                  | Int+2 Dex+4}
  3545 | D:3      | Learned a level 2 spell: Searing Ray
  4306 | D:3      | Acquired the +2 pair of gloves "Fatur" {SInv}
  4344 | D:3      | Bought a scroll of identify for 24 gold pieces
  4396 | D:3      | Learned a level 1 spell: Magic Dart
  4768 | D:4      | Noticed an ogre
  4774 | D:4      | Killed an ogre
  4775 | D:4      | Reached XP level 6. HP: 34/34 MP: 7/11
  4847 | D:4      | Found Nuw Nit's Antique Armour Shop.
  4858 | D:4      | Reached skill level 5 in Air Magic
  5117 | D:4      | Noticed an ice beast
  5127 | D:4      | Killed an ice beast
  5228 | D:4      | Reached XP level 7. HP: 40/40 MP: 12/12
  5591 | D:5      | Entered Level 5 of the Dungeon
  5622 | D:5      | HP: 1/40 [gnoll sergeant/+0 trident (10)]
  6650 | D:5      | Reached skill level 1 in Shields
  6727 | D:5      | Learned a level 3 spell: Swiftness
  6979 | D:5      | Found a snail-covered altar of Cheibriados.
  7135 | D:5      | Reached XP level 8. HP: 45/45 MP: 14/14
  7139 | D:5      | Found a hazy altar of Hepliaklqana.
  7168 | D:5      | Reached skill level 6 in Air Magic
  7340 | D:5      | Became a worshipper of Hepliaklqana the Forgotten
  7489 | D:5      | Learned a level 4 spell: Airstrike
  7627 | D:6      | Reached skill level 5 in Conjurations
  8337 | D:6      | Reached XP level 9. HP: 51/51 MP: 16/16
  8350 | D:6      | Learned a level 1 spell: Animate Skeleton
  8383 | D:6      | Reached skill level 1 in Evocations
  8589 | D:6      | Noticed Eustachio
  8613 | D:6      | Killed Eustachio
  8614 | D:6      | Reached skill level 5 in Dodging
  8709 | D:6      | Acquired 1150 gold pieces
  9204 | D:6      | Reached * piety under Hepliaklqana
  9250 | D:6      | Reached skill level 7 in Air Magic
  9359 | D:6      | Found a runed translucent door.
  9360 | D:6      | Noticed Crazy Yiuf
  9367 | D:6      | Killed Crazy Yiuf
 10096 | D:7      | Found a flagged portal.
 10100 | D:7      | Noticed a hornet
 10109 | D:7      | Paralysed by a hornet for 1 turns
 10113 | D:7      | Paralysed by a hornet for 1 turns
 10117 | D:7      | Killed a hornet
 10419 | Bailey   | Entered a bailey
 10595 | Bailey   | Reached skill level 5 in Short Blades
 10620 | Bailey   | Reached XP level 10. HP: 21/52 MP: 13/17
 10783 | Bailey   | Identified the +4 hunting sling of Disaster {venom, SInv
                  | Stlth+}
 11094 | D:7      | Found a staircase to the Ecumenical Temple.
 11100 | Temple   | Entered the Ecumenical Temple
 11206 | D:7      | Reached skill level 5 in Armour
 11716 | D:8      | Identified the +9 broad axe "Loavioqorr" {antimagic, Str+4}
 11802 | D:8      | Found a hide-covered altar of Uskayaw.
 12879 | D:8      | Reached ** piety under Hepliaklqana
 14087 | D:8      | Reached skill level 5 in Spellcasting
 14160 | D:8      | Remembered your ancestor Kaya as a hexer
 14577 | D:9      | Noticed a guardian serpent
 14583 | D:9      | Killed a guardian serpent
 14584 | D:9      | Reached skill level 8 in Air Magic
 14601 | D:9      | Found an iron altar of Okawaru.
 14633 | D:9      | Reached skill level 5 in Fighting
 14957 | D:9      | Reached XP level 11. HP: 16/56 MP: 14/19
 15349 | D:9      | Identified the amulet of Lomaisi {Faith Str-4 Int+4 Dex+5
                  | Slay+3}
 15464 | D:9      | Noticed a two-headed ogre
 15472 | D:9      | Killed a two-headed ogre
 15747 | D:9      | Noticed Joseph
 15753 | D:9      | Killed Joseph
 15754 | D:9      | Reached skill level 5 in Stealth
 15761 | D:9      | Identified the +1 ring mail of the Eleven Beggars {Regen+
                  | Int+4}
 15845 | D:9      | Reached *** piety under Hepliaklqana
 16223 | D:9      | Reached skill level 5 in Shields
 16309 | D:10     | Entered Level 10 of the Dungeon
 16530 | D:10     | Noticed a cyclops
 16544 | D:10     | Killed a cyclops
 16667 | D:10     | Noticed a two-headed ogre
 16780 | D:10     | Killed a two-headed ogre
 16804 | D:10     | Learned a level 3 spell: Stone Arrow
 16821 | D:10     | Found a white marble altar of Elyvilon.
 16837 | D:10     | Noticed a two-headed ogre
 16846 | D:10     | Killed a two-headed ogre
 16847 | D:10     | Reached skill level 9 in Air Magic
 16965 | D:10     | Found a shadowy altar of Dithmenos.
 17109 | D:10     | Acquired 922 gold pieces
 17471 | D:11     | Noticed a two-headed ogre
 17478 | D:11     | Killed a two-headed ogre
 17548 | D:11     | Noticed a two-headed ogre
 17556 | D:11     | Killed a two-headed ogre
 17634 | D:11     | Reached XP level 12. HP: 63/63 MP: 10/22
 17637 | D:11     | Learned a level 2 spell: Wereblood
 17661 | D:11     | Noticed an eight-headed hydra
 17667 | D:11     | Killed an eight-headed hydra
 17781 | D:11     | Reached skill level 5 in Evocations
 17971 | D:11     | Found a staircase to the Lair.
 18015 | D:11     | Noticed a two-headed ogre
 18023 | D:11     | Killed a two-headed ogre
 18638 | Lair:1   | Entered Level 1 of the Lair of Beasts
 18680 | Lair:1   | Noticed a five-headed hydra
 18717 | Lair:1   | Killed a five-headed hydra
 19449 | Lair:1   | Reached **** piety under Hepliaklqana
 19928 | Lair:1   | Reached skill level 10 in Air Magic
 20951 | Lair:1   | Reached XP level 13. HP: 68/68 MP: 21/24
 22552 | Lair:2   | Found a staircase to the Swamp.
 22557 | Lair:2   | Reached ***** piety under Hepliaklqana
 23007 | Lair:3   | Reached skill level 10 in Conjurations
 23213 | Lair:3   | Identified the +1 whip "Spider's Doom" {vamp, +Blink Str+4
                  | Dex+3}
 24849 | Lair:4   | Reached skill level 11 in Air Magic
 25214 | Lair:4   | Found a hole to the Spider Nest.
 25387 | Spider:1 | Entered Level 1 of the Spider Nest
 25410 | Spider:1 | Noticed an emperor scorpion
 25878 | Lair:4   | HP: 2/70 [poisoned by a redback]
 25878 | Lair:4   | Slain by a redback

Illustrated notes

Levels and vault maps discovered:
D:1:      minmay_arrival_loop, layout_loops_cross,
          hellmonk_ecumenical_altar_leap_of_faith, st_stairs_2
D:2:      layout_loops_ring, serial_rivers, chequers_serial_rivers_small_b,
          chequers_serial_rivers_micro_a, chequers_serial_rivers_small_b,
          chequers_serial_rivers_small_3, chequers_serial_rivers_small_3,
          chequers_serial_rivers_small_a, minmay_hexomino_f4, uniq_natasha
D:3:      cheibrodos_greedy_goblins, layout_basic, serial_shops,
          nicolae_diamond_shop
D:4:      layout_basic, serial_shops, nicolae_shop_window_shopping,
          minmay_misc_feat_doors
D:5:      layout_basic, cheibrodos_worm_habitat,
          nicolae_hepliaklqana_hazy_memory, enter_ossuary_4, minivault_19
D:6:      layout_basic, serial_undead, serial_undead_f, serial_undead_d,
          serial_undead_d, serial_undead_d, serial_park_tiny_1,
          uniq_crazy_yiuf_cottage, uniq_eustachio
D:7:      layout_loops_ring, temple_green, enter_bailey_6, dk_noncrumbling_3
D:8:      layout_loops_corners, mainiacjoe_overflow_24_doors, serial_rivers,
          chequers_serial_rivers_micro_a, chequers_serial_rivers_room_a,
          chequers_serial_rivers_micro_d, chequers_serial_rivers_micro_d,
          chequers_serial_rivers_room_b, kennysheep_generic_room_7
D:9:      layout_layer_cave, okawaru_gym_becter, uniq_joseph
D:10:     minmay_general_purpose_star, layout_cave_pools,
          nicolae_dithmenos_through_a_glass_darkly,
          nicolae_elyvilon_peaceful_grove
D:11:     layout_rooms, due_lair_maze_entry_diamond, grunt_ogre_cave
Temple:   kb_temple_of_zot
Lair:1:   lemuel_slime, layout_chaotic_city
Lair:2:   layout_chaotic_city, swamp_mist
Lair:3:   layout_cave_pods, infiniplex_staircase_pool_2, serial_bayou_shore_a,
          lemuel_fruit_tree
Lair:4:   layout_loops_ring, nicolae_spider_entry_orb_guardian,
          serial_bayou_shore_b, grunt_megastairs_5, serial_bayou_shore_b
Spider:1: layout_chambers

Skill      XL: |  1  2  3  4  5  6  7  8  9 10 11 12 13 |
---------------+----------------------------------------+-----
Conjurations   | 2 3 4 5 6 7 8 9 10 | 10.4
Short Blades   | 1 2 3 4 5 6 7 8 |  8.6
Armour         | 1 2 3 4 5 6 7 8 |  8.4
Fighting       | 1 2 3 4 5 6 7 |  7.6
Dodging        | 3 4 5 6 7 8 |  8.9
Air Magic      | 5 6 7 8 9 10 11 | 11.1
Spellcasting   | 3 4 5 6 7 |  7.3
Shields        | 1 2 3 4 5 6 7 |  7.4
Evocations     | 2 3 4 5 6 |  6.7
Stealth        | 3 4 5 6 7 |  7.7

Action                   |  1- 3 |  4- 6 |  7- 9 | 10-12 | 13-15 || total
-------------------------+-------+-------+-------+-------+-------++-------
Melee: Dagger            |    55 |    19 |       |       |       ||    74
       Unarmed           |     5 |       |       |       |       ||     5
       Kick              |    14 |    15 |    87 |   121 |   124 ||   361
       Peck              |     8 |     5 |    56 |    70 |    73 ||   212
       Rapier            |       |    57 |   232 |   312 |   261 ||   862
Throw: Throwing net      |       |       |       |     1 |       ||     1
 Cast: Shock             |     9 |    16 |    55 |    40 |    15 ||   135
       Static Discharge  |       |     1 |     2 |       |    10 ||    13
       Searing Ray       |       |     1 |     4 |     1 |       ||     6
       Magic Dart        |       |       |     5 |     9 |     1 ||    15
       Swiftness         |       |       |     1 |     2 |     4 ||     7
       Airstrike         |       |       |       |    10 |    11 ||    21
       Animate Skeleton  |       |       |       |     1 |     3 ||     4
       Stone Arrow       |       |       |       |    45 |     4 ||    49
       Wereblood         |       |       |       |     4 |    10 ||    14
Invok: Recall Ancestor   |       |       |       |     3 |     2 ||     5
       Ancestor Identity |       |       |       |     2 |       ||     2
       Ancestor Life: He |       |       |       |     1 |       ||     1
Evoke: Wand              |       |       |     3 |     9 |    11 ||    23
  Use: Scroll            |       |     6 |     5 |    13 |     4 ||    28
       Potion            |       |       |     6 |    10 |       ||    16
 Stab: Sleeping          |     6 |     5 |     3 |     6 |     3 ||    23
       Distracted        |       |       |       |     4 |     2 ||     6
       Confused          |       |       |       |     5 |     3 ||     8
Armor: Leather armour    |     8 |    22 |    41 |    25 |       ||    96
       Robe              |     1 |       |       |       |       ||     1
       Ring mail         |       |       |       |    28 |    60 ||    88
Dodge: Dodged            |    31 |    59 |   172 |   208 |   185 ||   655
Block: Other             |     9 |    18 |       |       |       ||    27
       Buckler           |       |       |   138 |   160 |    87 ||   385
       Reflection        |       |       |     3 |       |       ||     3

Table legend: (Time is in decaauts)
 A = Elapsed time spent in this place.
 B = Non-inter-level travel time spent in this place.
 C = Inter-level travel time spent in this place.
 D = Time resting spent in this place.
 E = Time spent auto-exploring this place.
 F = Levels seen in this place.
 G = Mean time per level.
                   A        B        C        D        E       F      G
               +--------+--------+--------+--------+--------+-----+--------+
         Total |  24870 |  24066 |    804 |  12505 |   6030 |  18 | 1381.7 |
       Dungeon |  17455 |  16691 |    764 |   7902 |   5098 |  11 | 1586.8 |
        Temple |      7 |      7 |      0 |      0 |      0 |   1 |    7.0 |
          Lair |   6928 |   6889 |     39 |   4328 |    931 |   4 | 1732.0 |
   Spider Nest |     29 |     29 |      0 |      1 |      0 |   1 |   29.0 |
        Bailey |    449 |    449 |      0 |    272 |      0 |   1 |  449.0 |
               +--------+--------+--------+--------+--------+-----+--------+

Top non-repeatable levels by time:
     D:8: 2806 daAuts
  Lair:1: 2632 daAuts
     D:4: 2287 daAuts
     D:6: 1957 daAuts
     D:2: 1749 daAuts
     D:1: 1660 daAuts
  Lair:4: 1624 daAuts
     D:9: 1615 daAuts
  Lair:2: 1374 daAuts
  Lair:3: 1296 daAuts
    D:11: 1184 daAuts
     D:7: 1120 daAuts
     D:5: 1071 daAuts
    D:10: 1017 daAuts
     D:3: 985 daAuts
